 Dungeon Crawl Stone Soup version 0.18-a0-750-g37044d6 (webtiles) character file.

86 Korkiloff the Insei (level 4, 0/35 HPs)
             Began as a Demigod Transmuter on Dec 12, 2015.
             Succumbed to an adder's poison
             ... on level 2 of the Dungeon.
             The game lasted 00:09:17 (2452 turns).

Korkiloff the Insei (Demigod Transmuter)            Turns: 2452, Time: 00:09:18

Health: 0/35       AC:  2    Str: 13    XL:     4   Next: 5%
Magic:  10/10      EV: 18    Int: 19    God:
Gold:   43         SH:  0    Dex: 21    Spells: 2 memorised, 4 levels left

rFire  . . .     SeeInvis .     v - +1 dagger (freeze)
rCold  . . .     Clarity  .     b - +0 robe
rNeg   . . .     SustAt   +     (no shield)
rPois  .         Gourm    .     (no helmet)
rElec  .         Spirit   .     (no cloak)
rCorr  .         Dismiss  .     (no gloves)
rMut   .         Stasis   .     (no boots)
MR     .....                    (no amulet)
Stlth  +++.......               (no ring)
                                h - ring of sustain attributes

@: agile, lethally poisoned (0 -> -2), drained, not resistant to hostile
enchantments, fairly stealthy
A: high mp 1, sustain attributes
a: no special abilities


You were on level 2 of the Dungeon.
You were hungry.

You visited 1 branch of the dungeon, and saw 2 of its levels.

You collected 43 gold pieces.

Inventory:

Hand Weapons
 g - a +0 dagger
 l - a +0 dagger
 m - a +0 short sword
 s - a +0 dagger
 t - a +0 dagger of draining
 v - a +1 dagger of freezing (weapon)
 w - a +0 mace
Missiles
 a - 45 arrows
 i - 13 poisoned needles
Armour
 b - a +0 robe (worn)
 e - a +0 robe
 n - a +0 leather armour
 q - a +0 robe
 u - a cursed +0 scale mail
Jewellery
 h - a ring of sustain attributes (left hand)
Scrolls
 j - 2 scrolls of remove curse {unknown}
 k - a scroll of fog {unknown}
 r - 2 scrolls of enchant weapon {unknown}
 y - a scroll of magic mapping {unknown}
Books
 c - a book of Changes

   Spells                             Type                      Level
   a - Beastly Appendage              Transmutation                1
   b - Sticks to Snakes               Transmutation                2
   c - Spider Form                    Transmutation/Poison         3
   d - Ice Form                       Ice/Transmutation            4
   e - Blade Hands                    Transmutation                5
Comestibles
 d - 3 bread rations
 o - a beef jerky
 p - a meat ration


   Skills:
 + Level 1.4(1.2) Fighting
 + Level 2.4(2.2) Dodging
 + Level 0.6(0.4) Stealth
 + Level 3.2(3.0) Unarmed Combat
 + Level 2.3(2.1) Spellcasting
 + Level 2.3(2.1) Transmutations


You had 4 spell levels left.
You knew the following spells:

 Your Spells              Type           Power        Failure   Level  Hunger
a - Beastly Appendage     Trmt           ##....       10%         1    #......
b - Sticks to Snakes      Trmt           ##......     12%         2    ##.....


Dungeon Overview and Level Annotations

Branches:
Dungeon (2/15)


Innate Abilities, Weirdness & Mutations

You have an increased reservoir of magic (+10% MP).
Your attributes are resistant to harm.


Message History

Your memorisation is interrupted.
* * * LOW HITPOINT WARNING * * *
You feel sick.
Memorise Spider Form, consuming 3 spell levels and leaving 1?
You start memorising the spell.
You continue memorising.
You continue memorising.
Your memorisation is interrupted.
* * * LOW HITPOINT WARNING * * *
You feel sick.
Memorise Spider Form, consuming 3 spell levels and leaving 1?
You start memorising the spell.
You continue memorising.
You continue memorising. x2
Your memorisation is interrupted.
* * * LOW HITPOINT WARNING * * *
You feel sick.
Memorise Spider Form, consuming 3 spell levels and leaving 1?
You start memorising the spell.
You continue memorising.
You continue memorising. x2
Your memorisation is interrupted.
You die...

.#.##.#.##.#.#..........#...#..#.
....#.#.##.#.#.................#.
.#..#.#.##................#.#..#.
.#..#.#.####†#...###...#.##.#....
......#............#...........#.
.#...............................
....###########################.#
.#.#.#.(........................#
)....#.####.####@####.####.####.#
...#.#.#..#.#(.'.'..#.#..'.'..#.#
##.#.#.#..#.#..#.#..#)#..#.#..#.#
...#.#.##'#.##+#.##'#.##+#.##'#.#
####.#..........................#
#.#.##'#.##'#.##'#.##'#.##'#.#
####.#.#..#.#..#.#..#.#..#.#..#.#
.....#.#..+.+..#.#..'.'..#.#..#.#
######.####.####.####.####.####.#


There were no monsters in sight!

Vanquished Creatures
  5 adders (D:2)
  An ooze (D:1)
  A worm (D:2)
  A giant gecko (D:2)
  2 giant cockroaches (D:2)
  6 goblins
  5 hobgoblins
  6 bats
  3 giant newts
  3 kobolds
  3 rats
36 creatures vanquished.

Vanquished Creatures (collateral kills)
  A worm (D:1)
1 creature vanquished.

Grand Total: 37 creatures vanquished

Notes
Turn   | Place    | Note
--------------------------------------------------------------
     0 | D:1      | Korkiloff the Demigod Transmuter began the quest for the Orb.
     0 | D:1      | Reached XP level 1. HP: 15/15 MP: 5/5
    46 | D:1      | Reached skill level 1 in Fighting
   198 | D:1      | Reached XP level 2. HP: 21/23 MP: 5/7
   656 | D:1      | Reached skill level 3 in Unarmed Combat
   710 | D:1      | Learned a level 2 spell: Sticks to Snakes
  1410 | D:2      | Reached XP level 3. HP: 10/28 MP: 8/8
  2432 | D:2      | Reached XP level 4. HP: 6/35 MP: 10/10
  2444 | D:2      | HP: 1/35 [poisoned by an adder]
  2452 | D:2      | Succumbed to an adder's poison

Vault maps used:
D:1:      lightli_iron_boxes
D:2:      minmay_door_path

Action                   |  1- 3 |  4- 6 || total
-------------------------+-------+-------++-------
Melee: Unarmed           |   120 |       ||   120
       Dagger            |    23 |       ||    23
 Cast: Beastly Appendage |    30 |       ||    30
       Sticks to Snakes  |     3 |       ||     3
  Use: Potion            |     1 |       ||     1
 Stab: Sleeping          |     2 |       ||     2
  Eat: Chunk             |     5 |       ||     5
